 Dungeon Crawl Stone Soup version 0.29-a0-275-g389c0b56f3 (webtiles) character file.

Game seed: 920672457317096144

115 Leszczynek the Chopper (level 5, -8/38 HPs)
             Began as a Human Gladiator on Mar 11, 2022.
             Mangled by Duvessa
             ... wielding a +4 short sword of protection
              (9 damage)
             ... on level 4 of the Dungeon.
             The game lasted 00:07:02 (783 turns).

Leszczynek the Chopper (Human Gladiator)             Turns: 783, Time: 00:07:02

Health: -8/38      AC: 12    Str: 17    XL:     5   Next: 20%
Magic:  5/5        EV: 12    Int:  8    God:
Gold:   66         SH:  0    Dex: 14    Spells: 4/4 levels left

rFire   . . .      SeeInvis .   a - +0 war axe
rCold   . . .      Faith    .   (no shield)
rNeg    . . .      Spirit   .   g - +3 leather armour
rPois   .          Reflect  .   c - +0 helmet
rElec   .          Harm     .   (no cloak)
rCorr   .          Rampage  .   (no gloves)
Will    .....                   o - +0 pair of boots
Stlth   +.........              (no amulet)
HPRegen 0.12/turn               h - ring of flight
MPRegen 0.09/turn               p - +4 ring of protection

@: brilliant, flying
A: no striking features
a: no special abilities


You were on level 4 of the Dungeon.
You visited 1 branch of the dungeon, and saw 6 of its levels.

You collected 66 gold pieces.

Inventory:

Hand Weapons
 a - a +0 war axe (weapon)
 n - a +0 great sword
Missiles
 b - 3 poisoned darts (quivered)
Armour
 c - a +0 helmet (worn)
 g - a +3 leather armour (worn)
 o - a +0 pair of boots (worn)
 q - a +0 plate armour of fire resistance
Jewellery
 h - a ring of flight (left hand)
 l - a ring of wizardry
 p - a +4 ring of protection (right hand)
Scrolls
 f - a scroll of identify {@r1}
 j - a scroll of torment {!r}


   Skills:
 - Level 2.0 Fighting
 + Level 5.5 Axes
 - Level 2.0 Throwing
 - Level 3.0 Dodging


You had 4 spell levels left.
You didn't know any spells.
Your spell library was empty.

Dungeon Overview and Level Annotations

Branches:
Dungeon (6/15)
 Temple: D:4-7

Altars:
Hepliaklqana

Annotations:
D:3 Terence
D:4 Dowan, Duvessa, Edmund


Message History

The throwing net closely misses Dowan.
Duvessa hits you with a +4 short sword of protection!
Throw: throwing net
Press: ? - help, Q - select action, (/) - cycle Shift-Dir - straight line, f/p - Dowan
Aim: Dowan, wielding a +3 dagger and wearing a +0 robe (50% to hit)
You throw a throwing net.
The throwing net closely misses Duvessa.
The throwing net closely misses Dowan.
Duvessa hits you with a +4 short sword of protection.
* * * LOW HITPOINT WARNING * * *
You closely miss Duvessa.
Duvessa hits you with a +4 short sword of protection.
* * * LOW HITPOINT WARNING * * *
You feel better. Duvessa closely misses you.
Duvessa hits you with a +4 short sword of protection.
Dowan barely misses you.
You hit Duvessa but do no damage. You barely miss Dowan.
Duvessa hits you with a +4 short sword of protection.
* * * LOW HITPOINT WARNING * * *
Dowan smirks and points a slender finger.
Dowan points at you and mumbles some strange words.
The puff of frost hits you but does no damage.
Duvessa hits you with a +4 short sword of protection.
* * * LOW HITPOINT WARNING * * *
Unknown command.
Press: ? - help, v - describe, . - travel
Here: Duvessa, wielding a +4 short sword of protection and wearing a +3 ring mail of fire resistance (fast)
The floor.
Unknown command.
You hit Duvessa but do no damage. You barely miss Dowan.
Duvessa hits you but does no damage. Dowan hits you with a +3 dagger.
* * * LOW HITPOINT WARNING * * *
Unknown command.
Unknown command.
You closely miss Duvessa. You barely miss Dowan. Duvessa completely misses you.
Dowan casts a spell at you. The puff of frost misses you.
Duvessa barely misses you.
You barely miss Duvessa. You closely miss Dowan.
Duvessa hits you with a +4 short sword of protection!
You die...

..............#..#
###...........
......#######.#..#
.............. .............
#..##..............
......#########(..#....
..##..... ................#.#..
........# ......###.......(..###
......#### ......#
#............#.... ..#...#
#.......e#.#......
..#...###......e@#..###......
..#...................+.......
..#.............[##.###........
.[#..............##.###.......g.
..#..............##..##.........
...............##...............
......###########...............
......... +...............
.......## #...............


You could see Duvessa (fast) and Dowan.

Vanquished Creatures
  Robin (D:4)
  5 adders
  A white imp (D:4)
  2 worms (D:3)
  2 dart slugs
  2 bats
  3 endoplasms
  14 goblins
  3 hobgoblins
  2 kobolds
  2 ball pythons
  2 frilled lizards (D:1)
  3 rats
42 creatures vanquished.

Notes
Turn   | Place    | Note
-------+----------+-------------------------------------------
     0 | D:1      | Leszczynek the Human Gladiator began the quest for the Orb.
     0 | D:1      | Reached XP level 1. HP: 16/16 MP: 1/1
    93 | D:1      | Reached XP level 2. HP: 20/22 MP: 2/2
   178 | D:2      | Reached skill level 4 in Axes
   178 | D:2      | Reached XP level 3. HP: 26/27 MP: 3/3
   276 | D:3      | Noticed Terence
   305 | D:3      | Reached XP level 4. HP: 27/33 MP: 4/4
   466 | D:5      | Entered Level 5 of the Dungeon
   513 | D:5      | Reached skill level 5 in Axes
   549 | D:5      | Noticed a black bear
   549 | D:5      | Noticed an ogre
   598 | D:4      | Found a hazy altar of Hepliaklqana.
   642 | D:4      | Noticed Edmund
   651 | D:4      | Noticed Robin
   691 | D:4      | Killed Robin
   692 | D:4      | Reached XP level 5. HP: 36/38 MP: 5/5
   751 | D:4      | Noticed Dowan
   752 | D:4      | Noticed Duvessa
   777 | D:4      | HP: 6/38 [Duvessa/+4 short sword of protection (5)]
   781 | D:4      | HP: 1/38 [Dowan/+3 dagger (4)]
   783 | D:4      | Mangled by Duvessa

Illustrated notes

Levels and vault maps discovered:
D:1:      minmay_arrival_four_loops, layout_rooms,
          shapermc_ecumenical_altar_flowoftime, due_unseen_surprise
D:2:      layout_basic, serial_shops, shop
D:3:      layout_loops_cross, serial_forest, infiniplex_forest_straight_1,
          infiniplex_forest_straight_1, infiniplex_forest_lined_2,
          infiniplex_forest_lined_room_2, infiniplex_forest_clump_curved,
          infiniplex_forest_corner_2, infiniplex_forest_straight_3,
          cheibrodos_sewer_entry_bend, grunt_ministairs_13, minmay_fountain_box,
          uniq_terence
D:4:      layout_basic, nicolae_overflow_crystal_walls, uniq_edmund, uniq_robin,
          uniq_duvessa
D:5:      layout_gridville, grunt_gozag_statues, kennysheep_okawaru_gauntlet,
          minmay_temple_entry_statues_pillars, nicolae_wormholes, uniq_grinder,
          uniq_pikel
D:6:      layout_rooms

Skill      XL: |  1  2  3  4 |
---------------+-------------+-----
Axes           | 4 5 |  5.5
Fighting       | |  2.0
Throwing       | |  2.0
Dodging        | |  3.0

Action                   |  1- 3 |  4- 6 || total
-------------------------+-------+-------++-------
Melee: War axe           |    44 |    62 ||   106
Throw: Throwing net      |     2 |     2 ||     4
       Javelin           |       |     1 ||     1
  Use: Potion            |       |     4 ||     4
       Scroll            |       |     1 ||     1
Armor: Leather armour    |    16 |    27 ||    43
Dodge: Dodged            |    27 |    39 ||    66

Table legend: (Time is in decaauts)
 A = Elapsed time spent in this place.
 B = Non-inter-level travel time spent in this place.
 C = Inter-level travel time spent in this place.
 D = Time resting spent in this place.
 E = Time spent auto-exploring this place.
 F = Levels seen in this place.
 G = Mean time per level.
                   A        B        C        D        E       F      G
               +--------+--------+--------+--------+--------+-----+--------+
         Total |    810 |    782 |     28 |      0 |      0 |   6 |  135.0 |
       Dungeon |    810 |    782 |     28 |      0 |      0 |   6 |  135.0 |
               +--------+--------+--------+--------+--------+-----+--------+

Top non-repeatable levels by time:
     D:4: 282 daAuts
     D:3: 181 daAuts
     D:1: 148 daAuts
     D:5: 105 daAuts
     D:2: 90 daAuts
     D:6: 1 daAuts
